 Dungeon Crawl Stone Soup version 0.30-a0-210-g01b79a254e (webtiles) character file.

Game seed: 11184706618434982614

49 browni3141 the Conjurer (level 3, 0/21 (31) HPs)
             Began as an Armataur Reaver on Oct 4, 2022.
             Succumbed to a kobold's poison
             ... on level 3 of the Dungeon.
             The game lasted 00:02:55 (1376 turns).

browni3141 the Conjurer (Armataur Reaver)           Turns: 1376, Time: 00:02:56

HP:   0/21 (31)     AC:  4    Str: 17    XL:     3   Next: 53%
MP:   5/6           EV:  9    Int: 15    God:
Gold: 77            SH:  0    Dex:  8    Spells: 3/6 levels left

rFire   . . .      SeeInvis .    a - +0 mace
rCold   . . .      Faith    .    (no shield)
rNeg    . . .      Spirit   .    b - +0 leather armour
rPois   .          Reflect  .    (no helmet)
rElec   .          Harm     .    (no cloak)
rCorr   .          Roll     +    (no gloves)
Will    .....                    (no barding)
Stlth   +.........               (no amulet)
HPRegen 0.23/turn                (no ring)
MPRegen 0.10/turn                (no ring)

@: lethally poisoned (0 -> -13), very heavily drained
A: large, rugged brown scales 3, deformed body, armoured tail, roll, long
tongue, awkward tongue
a: no special abilities


You were on level 3 of the Dungeon.
You visited 1 branch of the dungeon, and saw 3 of its levels.

You collected 77 gold pieces.

Inventory:

Hand Weapons
 a - a +0 mace (weapon)
 q - a +0 dagger of venom
Missiles
 e - 6 curare-tipped darts
Armour
 b - a +0 leather armour (worn)
 c - a +0 ring mail
Wands
 p - a wand of flame (17)
Scrolls
 f - a scroll of teleportation {unknown}
 g - 2 scrolls of identify {unknown}
 h - 2 scrolls of immolation {unknown}
 i - a scroll of fog {unknown}
 j - a scroll of amnesia {unknown}
 k - a scroll of magic mapping {unknown}
 l - a scroll of poison {unknown}
 r - a scroll of brand weapon {unknown}
Potions
 m - a potion of flight
 n - a potion of haste {unknown}
 o - a potion of heal wounds {unknown}


   Skills:
 - Level 2.2 Fighting
 * Level 3.0 Maces & Flails
 * Level 0.2 Armour
 - Level 1.7 Dodging
 * Level 0.0 Stealth
 * Level 2.1 Spellcasting
 - Level 3.0 Conjurations


You had 3 spell levels left.
You knew the following spells:

 Your Spells              Type           Power      Damage    Failure   Level
a - Kiss of Death         Conj/Necr      24%        2d7       14%         1
b - Momentum Strike       Conj/Tloc      12%        3d8       22%         2

Your spell library contained the following spells:

 Spells                   Type           Power      Damage    Failure   Level
 Sublimation of Blood     Necr           1%         N/A       36%         2
 Wereblood                Tmut           1%         N/A       36%         2
 Hailstorm                Conj/Ice       6%         3d4       38%         3
 Summon Hydra             Summ           0%         N/A       100%        7


Dungeon Overview and Level Annotations

Branches:
Dungeon (3/15)

Altars:


Innate Abilities, Weirdness & Mutations

You are completely covered in rugged brown scales. (AC +3, +7% HP)
Armour fits poorly on your strangely shaped body.
You have a long armoured tail.
You roll when moving toward enemies. (Rampage)
Your long tongue fully drains potion bottles. (2x potion effects)
Your tongue gives you trouble enunciating. (1.5x scroll delay)


Message History

You hit the bat.
You kill the bat!
You hit the kobold.
The kobold is heavily wounded.
The kobold misses you.
You closely miss the kobold.
The kobold is heavily wounded.
The kobold hits you with a +2 dagger of venom.
You are poisoned.
The kobold hits you with a +2 dagger of venom.
You barely miss the kobold.
Your tail-slap misses the kobold.
The kobold is heavily wounded.
You feel very sick. The kobold hits you but does no damage.
You are more poisoned.
You barely miss the kobold.
The kobold is heavily wounded.
You feel very sick.
The kobold hits you with a +2 dagger of venom.
You are lethally poisoned!
Casting: Kiss of Death (safe; 14% risk of failure)
Confirm with . or Enter, or press ? or * to list all spells.
Aiming: Kiss of Death (safe; 14% risk of failure)
Press: ? - help, Shift-Dir - straight line, f - kobold
Aim: a kobold, wielding a +2 dagger of venom and quivering stones (heavily wounded, 100% to hit)
The negative energy hits the kobold!
The kobold is drained!
You kill the kobold!
You feel drained.
You feel very sick.
Unknown command.
It was a potion of flight.
You feel very buoyant.
You fly up into the air.
* * * LOW HITPOINT WARNING * * *
You feel very sick.
Unknown command.
It was a potion of cancellation.
Your magical effects are unravelling.
You feel magically purged.
You float gracefully downwards.
You die...

..............
............. ...
............ ...
#...........
....##...........
........#..>.....
.....#..)........
.....?...@.......
.....#.......###!
...?............#
....##.#..#####..
... #....# #
####†### #.<....#
#......# #......#


There were no monsters in sight!

Vanquished Creatures
  A worm (D:2)
  3 orcs (D:2)
  An endoplasm (D:1)
  3 giant cockroaches
  6 goblins
  6 hobgoblins
  4 jackals (D:1)
  3 quokkas
  5 ball pythons
  4 bats
  2 kobolds
  A rat (D:3)
39 creatures vanquished.

Notes
Turn   | Place    | Note
-------+----------+-------------------------------------------
     0 | D:1      | browni3141 the Armataur Reaver began the quest for the Orb.
     0 | D:1      | Reached XP level 1. HP: 18/18 MP: 3/3
   102 | D:1      | Reached XP level 2. HP: 20/25 MP: 4/4
   158 | D:1      | Noticed a shining eye
   163 | D:1      | Noticed an eye of devastation
   165 | D:1      | Found a faded altar of an unknown god.
   166 | D:1      | Noticed an eye of devastation
   166 | D:1      | Noticed a golden eye
   869 | D:2      | Reached XP level 3. HP: 31/31 MP: 6/6
  1068 | D:2      | Learned a level 2 spell: Momentum Strike
  1376 | D:3      | Succumbed to a kobold's poison

Illustrated notes

Levels and vault maps discovered:
D:1:      dpeg_arrival_solitude, layout_basic,
          hellmonk_ecumenical_altar_watching_god
D:2:      layout_basic, guppyfry_early_orc_mine
D:3:      layout_rooms, wander_ebering_terrifying_dragon_lair, uniq_natasha,
          uniq_crazy_yiuf_cottage

Skill      XL: |  1  2  3 |
---------------+----------+-----
Fighting       | 2 |  2.2
Spellcasting   | 2 |  2.1
Conjurations   | 3 |  3.0
Maces & Flails | 3 |  3.0
Armour         | |  0.2
Dodging        | |  1.7

Action                   || total
-------------------------++-------
Melee: Mace              ||   104
       Tailslap          ||     8
       Punch             ||     1
 Cast: Kiss of Death     ||     2
       Momentum Strike   ||     1
  Use: Potion            ||     2
Armor: Leather armour    ||    37
Dodge: Dodged            ||    62

Table legend: (Time is in decaauts)
 A = Elapsed time spent in this place.
 B = Non-inter-level travel time spent in this place.
 C = Inter-level travel time spent in this place.
 D = Time resting spent in this place.
 E = Time spent auto-exploring this place.
 F = Levels seen in this place.
 G = Mean time per level.
                   A        B        C        D        E       F      G
               +--------+--------+--------+--------+--------+-----+--------+
         Total |   1401 |   1373 |     28 |      7 |   1085 |   3 |  467.0 |
       Dungeon |   1401 |   1373 |     28 |      7 |   1085 |   3 |  467.0 |
               +--------+--------+--------+--------+--------+-----+--------+

Top non-repeatable levels by time:
     D:1: 707 daAuts
     D:2: 668 daAuts
     D:3: 25 daAuts
